 Dungeon Crawl Stone Soup version 0.30.1-4-g462c640d31 (webtiles) character file.

Game seed: 15445131087706869293

8 hawla the Firebug (level 2, 0/20 HPs)
             Began as a Meteoran Fire Elementalist on Sept 12, 2023.
             Slain by a scorpion (1 damage)
             ... on level 3 of the Dungeon.
             The game lasted 00:01:05 (172 turns).

hawla the Firebug (Meteoran Fire Elementalist)       Turns: 172, Time: 00:01:06

Health: 0/20       AC:  2    Str:  9    XL:     2   Next: 29%
Magic:  1/6        EV: 12    Int: 16    God:
Gold:   0          SH:  0    Dex: 14    Spells: 3/6 levels left

rFire   . . .        (no weapon)
rCold   . . .        (no shield)
rNeg    . . .        a - +0 robe
rPois   .            (no helmet)
rElec   .            (no cloak)
rCorr   .            (no gloves)
SInv    .            (no boots)
Will    .....        (no amulet)
Stlth   +            (no ring)
HPRegen 0.23/turn    (no ring)
MPRegen 0.10/turn

%: no passive effects
@: glowing
A: sense surroundings 1, otherworldly, glowing, explore regen
a: no special abilities


You were on level 3 of the Dungeon.
You visited 1 branch of the dungeon, and saw 4 of its levels.

Inventory:

Armour
 a - a +0 robe (worn)
Scrolls
 d - a scroll of fog
Potions
 b - a potion of magic


   Skills:
 + Level 2.6 Dodging
 - Level 1.4 Stealth
 + Level 2.7 Spellcasting
 + Level 1.2 Conjurations
 + Level 4.1 Fire Magic


You had 3 spell levels left.
You knew the following spells:

 Your Spells              Type           Power      Damage    Failure   Level
a - Foxfire               Conj/Fire      40%        2x1d6     6%          1
b - Scorch                Fire           30%        2d6       5%          2

Your spell library contained the following spells:

 Spells                   Type           Power      Damage    Failure   Level
 Inner Flame              Hex/Fire       8%         N/A       24%         3
 Volatile Blastmotes      Fire/Tloc      16%        2d11      24%         3
 Flame Wave               Conj/Fire      10%        2d6       54%         4


Dungeon Overview and Level Annotations

Branches:
Dungeon (4/15) Zot: 2227
 Temple: D:4-7

Altars:


Innate Abilities, Weirdness & Mutations

You passively map a small area around you.
You are easily found by Zot.
You glow in the dark.
You regain HP and MP as you explore.


Message History

Confirm with . or Enter, or press ? or * to list all spells.
You conjure some foxfire!
Casting: Foxfire (safe; 6% risk of failure)
Confirm with . or Enter, or press ? or * to list all spells.
Flames lash the scorpion.
The scorpion is moderately wounded.
The scorpion's fire resistance burns away.
The foxfire hits the scorpion.
The scorpion is burned terribly!
The scorpion is heavily wounded.
Casting: Scorch (safe; 5% risk of failure)
Confirm with . or Enter, or press ? or * to list all spells.
You don't have enough magic to cast this spell.
You can't go down here!
The scorpion stings you but does no damage.
The scorpion stings you.
You climb upwards.
There is a stone staircase leading down here.
The scorpion attacks as you move away! The scorpion misses you.
Casting: Scorch (safe; 5% risk of failure)
Confirm with . or Enter, or press ? or * to list all spells.
You conjure some foxfire!
The scorpion is no longer more vulnerable to fire.
The scorpion completely misses you.
You hit the scorpion but do no damage.
The scorpion is heavily wounded.
The foxfire hits the scorpion.
The scorpion is heavily wounded.
The foxfire hits the scorpion but does no damage.
The scorpion is heavily wounded.
The scorpion stings you. The scorpion attacks as you move away!
The scorpion barely misses you. The scorpion stings you.
* * * LOW HITPOINT WARNING * * *
The scorpion attacks as you move away! The scorpion closely misses you.
The scorpion attacks as you move away! The scorpion barely misses you.
The scorpion attacks as you move away! The scorpion stings you.
* * * LOW HITPOINT WARNING * * *
It was a potion of cancellation.
You feel magically purged. The scorpion stings you.
You die...

* , * * , , ## *
* ** , * ,.. ,,
,, , * ***.### *
* ,, ..# * , *
#.# , #@# ### #s#
* #.. #.# * #
#.###.# *
#.#.##..# *
#####.#.#...####
, ###
............>..+,
+..
.######.#...####
### * #.##.## * ,


You could see a scorpion.

Vanquished Creatures
  A dart slug (D:2)
  An endoplasm (D:3)
  A goblin (D:4)
  A hobgoblin (D:2)
  A ball python (D:3)
  A frilled lizard (D:3)
6 creatures vanquished.

Vanquished Creatures (others)
  21 foxfires
21 creatures vanquished.

Grand Total: 27 creatures vanquished

Notes
Turn   | Place    | Note
-------+----------+-------------------------------------------
     0 | D:1      | hawla the Meteoran Fire Elementalist began the quest for
                  | the Orb.
     0 | D:1      | Reached XP level 1. HP: 14/14 MP: 5/5
    92 | D:3      | Reached XP level 2. HP: 20/20 MP: 4/6
    95 | D:3      | Learned a level 2 spell: Scorch
   110 | D:3      | Reached skill level 4 in Fire Magic
   148 | D:4      | Noticed a scorpion
   171 | D:3      | HP: 1/20 [scorpion (6)]
   172 | D:3      | Slain by a scorpion

Illustrated notes

Levels and vault maps discovered:
D:1:      shiori_arrival_maze, layout_rooms, nicolae_hexahallways,
          minmay_split_cup_small
D:2:      layout_basic
D:3:      layout_loops_corners, gammafunk_temple_overflow_forgotten,
          chequers_garden
D:4:      kennysheep_the_goblin_king, layout_basic, makhleb_altar_promises_db,
          serial_shops, shop

Skill      XL: |  1  2 |
---------------+-------+-----
Fire Magic     | 4 |  4.1
Dodging        | |  2.6
Stealth        | |  1.4
Spellcasting   | |  2.7
Conjurations   | |  1.2

Action                     || total
---------------------------++-------
  Melee: Unarmed           ||     6
   Cast: Foxfire           ||    12
         Scorch            ||     3
    Use: Scroll            ||     1
         Potion            ||     1
 Armour: Robe              ||     2
  Dodge: Dodged            ||     8
